 Dungeon Crawl Stone Soup version 0.28.0-47-ge53b351184 (webtiles) character file.

Game seed: 9737835454955319299

57 Peloso the Shield-Bearer (level 3, -1/33 HPs)
             Began as a Minotaur Fighter on Apr 29, 2022.
             Succumbed to a scorpion's poison
             ... on level 2 of the Dungeon.
             The game lasted 00:02:05 (1517 turns).

Peloso the Shield-Bearer (Minotaur Fighter)         Turns: 1517, Time: 00:02:05

Health: -1/33      AC:  7    Str: 20    XL:     3   Next: 73%
Magic:  2/2        EV:  9    Int:  5    God:
Gold:   78         SH:  4    Dex: 11    Spells: 2/2 levels left

rFire   . . .      SeeInvis .   a - +0 long sword
rCold   . . .      Faith    .   c - +0 buckler
rNeg    . . .      Spirit   .   b - +0 scale mail
rPois   .          Reflect  .   (helmet restricted)
rElec   .          Harm     .   (no cloak)
rCorr   .          Rampage  .   (no gloves)
Will    .....                   (no boots)
Stlth   ..........              (no amulet)
HPRegen 0.11/turn               (no ring)
MPRegen 0.08/turn               (no ring)

@: lethally poisoned (-1 -> -7)
A: horns 2, retaliatory headbutt
a: no special abilities


You were on level 2 of the Dungeon.
You visited 1 branch of the dungeon, and saw 2 of its levels.

You collected 78 gold pieces.

Inventory:

Hand Weapons
 a - a +0 long sword (weapon)
Armour
 b - a +0 scale mail (worn)
 c - a +0 buckler (worn)
Scrolls
 e - a scroll of identify {unknown}
 g - a scroll of noise {unknown}
 i - a scroll of enchant armour {unknown}
 j - a scroll of teleportation {unknown}
Potions
 d - a potion of might
 f - a potion of degeneration {unknown}
 h - a potion of curing {unknown}


   Skills:
 + Level 4.0 Fighting
 + Level 3.2 Long Blades
 + Level 4.3 Armour
 + Level 0.1 Dodging
 + Level 4.3 Shields


You had 2 spell levels left.
You didn't know any spells.
Your spell library contained the following spells:

 Spells                   Type           Power      Damage    Failure   Level
 Ensorcelled Hibernation  Hex/Ice        0%         N/A       96%         2
 Spider Form              Tmut/Pois      0%         N/A       99%         3
 Anguish                  Hex/Necr       0%         N/A       100%        4


Dungeon Overview and Level Annotations

Branches:
Dungeon (2/15)

Altars:

Shops:
D:1 !


Innate Abilities, Weirdness & Mutations

You have a pair of horns on your head.
You reflexively headbutt those who attack you in melee.


Message History

a +0 dagger; a kobold corpse
There is an open door here.
A scorpion comes into view.
A scorpion is nearby!
A scorpion is nearby!
You aren't carrying any items that you can evoke.
A scorpion is nearby!
A quokka comes into view.
The scorpion misses you.
You completely miss the scorpion. The scorpion closely misses you.
You slash the scorpion! You headbutt the scorpion.
The scorpion is severely wounded.
The scorpion barely misses you.
The scorpion stings you but does no damage.
You closely miss the scorpion.
The scorpion is severely wounded.
The scorpion stings you.
You are poisoned.
The scorpion poisons you!
You barely miss the scorpion.
The scorpion is severely wounded.
You feel very sick. The scorpion stings you. x2
You are more poisoned.
The scorpion poisons you!
You closely miss the scorpion.
The scorpion is severely wounded.
You feel very sick. The scorpion stings you!
* * * LOW HITPOINT WARNING * * *
The scorpion stings you but does no damage.
You hit the scorpion.
The scorpion is almost dead.
* * * LOW HITPOINT WARNING * * *
You feel very sick. The scorpion stings you.
* * * LOW HITPOINT WARNING * * *
You hit the scorpion but do no damage.
The scorpion is almost dead.
You die...

#........# ###
####.##### #.# #.#
#.# #.# ##.##
#.########...##
#......##.....#
####...###...#
#.......##..#
#.......@sr#...r..
#........#...#..#.
#......#...#...#..
#.#..#...#...#...#
#..#...#...#...#.
.#...#...#...#.
#...#...#...#...#
#...#...#...#.


You could see a scorpion and a quokka.

Vanquished Creatures
  3 adders (D:2)
  A dart slug (D:2)
  3 ball pythons (D:1)
  2 endoplasms (D:1)
  2 goblins (D:1)
  3 hobgoblins
  2 jackals (D:1)
  4 bats
  2 frilled lizards (D:1)
  2 kobolds
  4 rats
  A bush (D:1)
29 creatures vanquished.

Vanquished Creatures (others)
  10 plants (D:1)
10 creatures vanquished.

Grand Total: 39 creatures vanquished

Notes
Turn   | Place    | Note
-------+----------+-------------------------------------------
     0 | D:1      | Peloso the Minotaur Fighter began the quest for the Orb.
     0 | D:1      | Reached XP level 1. HP: 19/19 MP: 0/0
    89 | D:1      | Found Meny's Distillery.
   430 | D:1      | Reached XP level 2. HP: 27/27 MP: 1/1
  1167 | D:2      | Reached XP level 3. HP: 26/33 MP: 2/2
  1506 | D:2      | Noticed a scorpion
  1516 | D:2      | HP: 1/33 [scorpion (2)]
  1517 | D:2      | Succumbed to a scorpion's poison

Illustrated notes

Levels and vault maps discovered:
D:1:      scummos_arrival_simple_fountains, layout_loops_ring, serial_forest,
          infiniplex_forest_clump_small, infiniplex_forest_lined_room_3,
          infiniplex_forest_zigzag_2, infiniplex_forest_clump_diagonal,
          infiniplex_forest_end_3, infiniplex_forest_clump_double,
          infiniplex_forest_lined_2, infiniplex_forest_end_3,
          infiniplex_forest_clump_cross, serial_shops, shop,
          minmay_misc_feat_tower
D:2:      layout_loops_corners, hex_large, minmay_tromino_mix6,
          uniq_crazy_yiuf_cottage

Skill      XL: |  1  2 |
---------------+-------+-----
Fighting       | 4 |  4.0
Armour         | 4 |  4.3
Long Blades    | 3 |  3.2
Shields        | 4 |  4.3
Dodging        | |  0.1

Action                   || total
-------------------------++-------
Melee: Long sword        ||   124
       Headbutt          ||    33
Armor: Scale mail        ||    27
Dodge: Dodged            ||    29
Block: Buckler           ||     7
